 Dungeon Crawl Stone Soup version 0.16-a0-4127-g24fbb24 (webtiles) character file.

85 timbw the Ruffian (level 4, 0/38 HPs)
             Began as a Ghoul Monk on Mar 2, 2015.
             Slain by a centaur (6 damage)
             ... on level 5 of the Dungeon.
             The game lasted 00:03:52 (927 turns).

timbw the Ruffian (Ghoul Monk)                       Turns: 927, Time: 00:03:53

Health: 0/38       AC:  5    Str: 14    XL:     4   Next: 48%
Magic:  3/3        EV: 11    Int:  5    God:
Gold:   69         SH:  0    Dex: 12    Spells: 0 memorised, 3 levels left

rFire  . . .     SeeInvis .       - Unarmed
rCold  + + .     Clarity  .     h - +0 ring mail
rNeg   + + +     SustAb   .     (no shield)
rPois  ∞         Gourm    .     (no helmet)
rElec  .         Spirit   .     (no cloak)
rCorr  .         Warding  .     (no gloves)
rMut   .         Stasis   .     (no boots)
MR     .....                    m - amulet of inaccuracy (curse)
Stlth  +.........               (no ring)
                                c - ring of protection from cold

@: rotting, not resistant to hostile enchantments, very unstealthy
A: rotting body, claws 1, carnivore 3, cold resistance 1, negative energy
resistance 3, poison resistance, slow healing 1, torment resistance, unbreathing
a: no special abilities


You were on level 5 of the Dungeon.
You were not hungry.

You visited 1 branch of the dungeon, and saw 5 of its levels.

You collected 69 gold pieces.

Inventory:

Armour
 a - a +0 robe
 h - a +0 ring mail (worn)
Jewellery
 c - a ring of protection from cold (left claw)
 m - a cursed amulet of inaccuracy (around neck)
Scrolls
 d - a scroll of blinking
 g - 4 scrolls of recharging
 n - a scroll of teleportation {unknown}
Potions
 b - a potion of brilliance {unknown}
 e - 2 potions of curing
 f - a potion of flight {unknown}
 j - a potion of agility {unknown}
Comestibles
 i - a royal jelly
 k - a meat ration


   Skills:
 - Level 3.2 Fighting
 - Level 2.6 Dodging
 - Level 2.1 Stealth
 + Level 6.3 Unarmed Combat


You had 3 spell levels left.
You didn't know any spells.

Dungeon Overview and Level Annotations

Branches:
Dungeon (5/15)
 Temple: D:4-7

Altars:


Innate Abilities, Weirdness & Mutations

Your body is rotting away.
You thrive on raw meat.
You have sharp fingernails.
You are carnivorous and can eat meat at any time.
Your flesh is cold resistant.
You are immune to negative energy.
Your system is resistant to poisons.
You heal slowly when monsters are visible.
You are immune to unholy pain and torment.
You can survive without breathing.


Message History

You now have 69 gold pieces (gained 19).
A centaur comes into view.
The centaur shouts!
You see here a robe.
The centaur wields a glowing shortbow.
It bursts into flame!
The centaur shoots an arrow.
The arrow closely misses you.
An orc comes into view. It is wielding a hand axe.
The orc shouts!
You hear a shout!
The centaur shoots an arrow.
The arrow hits you!
* * * LOW HITPOINT WARNING * * *
The arrow burns you.
* * * LOW HITPOINT WARNING * * *
You see here an arrow.
An orc and an orc wizard come into view.
The orc shouts!
The orc wizard shouts!
The centaur unwields an uncursed shortbow of flaming.
It stops flaming.
The centaur hits you.
* * * LOW HITPOINT WARNING * * *
The orc moves out of view.
The centaur hits you.
You die...

.. #. ######.##
##.##........
#....oc..o.#
#..##@# #
#...#(###..#
#..........#
#.....###.###
#.##[.# #.#.. #
#..# #.#.#
.###.##(.###.#.###
#.................
.###...........##


You could see a centaur, an orc wizard and an orc.

Vanquished Creatures
  A jelly (D:5)
  A hound skeleton (D:4)
  A giant gecko (D:3)
  4 orcs (D:3)
  3 bats
  3 giant cockroaches
  3 hobgoblins
  2 quokkas
  3 giant newts
  7 goblins
  2 kobolds
  5 rats
35 creatures vanquished.

Notes
Turn   | Place    | Note
--------------------------------------------------------------
     0 | D:1      | timbw, the Ghoul Monk, began the quest for the Orb.
     0 | D:1      | Reached XP level 1. HP: 19/19 MP: 1/1
   266 | D:1      | Reached XP level 2. HP: 19/26 MP: 2/2
   353 | D:2      | Reached skill level 5 in Unarmed Combat
   528 | D:3      | Reached XP level 3. HP: 25/31 MP: 3/3
   896 | D:5      | Entered Level 5 of the Dungeon
   910 | D:5      | Reached skill level 6 in Unarmed Combat
   910 | D:5      | Reached XP level 4. HP: 18/38 MP: 3/3
   922 | D:5      | Noticed a centaur
   927 | D:5      | Slain by a centaur

Action                   |  1- 3 |  4- 6 || total
-------------------------+-------+-------++-------
Melee: Unarmed           |   133 |       ||   133
  Use: Scroll            |     7 |       ||     7
       Potion            |     1 |       ||     1
 Stab: Sleeping          |     1 |       ||     1
  Eat: Chunk             |     4 |       ||     4
